 Dungeon Sprint DCSS version 0.17-a0-1637-g5d65775 (webtiles) character file.

7118 patman the End of an Era (level 10, -4/88 HPs)
             Began as a Troll Monk on Aug 7, 2015.
             Was the Champion of Qazlal.
             Killed by divine providence
             ... invoked by a greater mummy
              (14 damage)
             ... in the Dungeon (Sprint V: "Ziggurat Sprint").
             The game lasted 00:08:02 (587 turns).

patman the End of an Era (Troll Monk)                Turns: 587, Time: 00:08:02

Health: -4/88      AC: 23    Str: 33    XL:     10   Next: 85%
Magic:  0/23       EV:  4    Int:  6    God:    Qazlal [******]
Gold:   0          SH:  8    Dex: 15    Spells: 0 memorised, 9 levels left

rFire  + . .     SeeInvis .       - Unarmed
rCold  + + .     Clarity  .     i - +5 gold dragon armour
rNeg   . . .     SustAt   .     (no shield)
rPois  +         Gourm    +     (helmet restricted)
rElec  .         Spirit   .     (no cloak)
rCorr  .         Warding  .     (gloves unavailable)
rMut   .         NoTele   +     (boots unavailable)
MR     .....                    I - amulet "Tuaprutz" {Faith +Inv rPois rC+}
Stlth  ..........               D - +6 ring of strength
                                C - +6 ring of strength

@: flayed, protected from physical damage, repel missiles, not resistant to
hostile enchantments, extremely unstealthy
A: unfitting armour, claws 3, fast metabolism 3, gourmand, regeneration 2,
shaggy fur 1, tough skin 2
a: Upheaval, Elemental Force, Disaster Area, Renounce Religion, Evoke
Invisibility


You were in the Dungeon.
You worshipped Qazlal.
Qazlal was exalted by your worship.
You were not hungry.

You visited 1 branch

Inventory:

Armour
 a - a +3 large shield
 i - a +5 gold dragon armour (worn)
Jewellery
 C - a +6 ring of strength (left claw)
 D - a +6 ring of strength (right claw)
 G - an uncursed ring of protection from fire
 I - the amulet "Tuaprutz" (around neck) {Faith +Inv rPois rC+}
   (You found it in the Dungeon)

   [amulet of faith]

   It allows you to gain divine favour quickly.
   It protects you from cold.
   It protects you from poison.
   It lets you turn invisible.
 J - the ring "Sinuk" {Fire MR+ Str+5 Dex-4}
   (You found it in the Dungeon)

   [ring of fire]

   It enhances your fire magic, and weakens your ice magic.
   It affects your strength (+5).
   It affects your dexterity (-4).
   It protects you from fire.
   It makes you vulnerable to cold.
   It affects your resistance to hostile enchantments.
Magical devices
 y - a wand of cold (5)
 z - a wand of disintegration (7)
 A - a wand of draining (5)
 B - a wand of fire (5)
Scrolls
 h - 4 scrolls of blinking
 l - 4 scrolls of amnesia
 m - 2 scrolls of fear
 n - 7 scrolls of fog
 o - a scroll of holy word
 p - 5 scrolls of identify
 q - 3 scrolls of recharging
 r - 5 scrolls of remove curse
Potions
 c - 10 potions of curing
 d - 8 potions of heal wounds
 e - 6 potions of haste
 f - 7 potions of magic
 g - 3 potions of berserk rage
 s - 5 potions of agility
 t - 2 potions of brilliance
 v - 2 potions of invisibility
 w - 5 potions of might
 x - 4 potions of resistance
Miscellaneous
 u - a phial of floods
 E - a phantom mirror
 F - a fan of gales
 H - a lamp of fire
Comestibles
 b - 6 bread rations
 j - 42 fruits
 k - 4 meat rations


   Skills:
 - Level 2.4 Fighting
 - Level 2.4 Dodging
 - Level 1.1 Stealth
 - Level 8.5 Unarmed Combat
 * Level 21.0 Invocations


You had 9 spell levels left.
You didn't know any spells.

Dungeon Overview and Level Annotations

Branches:
Dungeon (1/1)

Altars:
Ashenzari
Cheibriados
Dithmenos
Elyvilon
Fedhas
Gozag
Kikubaaqudgha
Makhleb
Nemelex Xobeh
Okawaru
Qazlal
Ru
Sif Muna
Trog
Vehumet
Xom
Yredelemnul
Zin
The Shining One
Beogh
Jiyva
Lugonu


Innate Abilities, Weirdness & Mutations

You are too large for most types of armour.
You have claws for hands.
Your metabolism is lightning-fast.
You like to eat raw meat.
You heal very quickly.
You are covered in fur (AC +1).
You have very tough skin (AC +2).


Message History

You feel much better.
The quokka zombie bites you but does no damage.
The mana viper bites you but does no damage.
The flayed ghost hits you but does no damage.
The mana viper is struck by lightning.
You kill the mana viper!
The greater mummy is engulfed in freezing vapours.
The greater mummy hits you.
* * * LOW HITPOINT WARNING * * *
You feel more protected from physical attacks.
Use which ability? (? or * to list) Nature churns violently around you!
The cutting wind hits the quokka zombie.
You destroy the quokka zombie!
The mana viper bites you but does no damage.
The flayed ghost hits you!
* * * LOW HITPOINT WARNING * * *
The greater mummy gestures at you while chanting.
Something smites you!
You die...

▓.......†.▓...(...▓
▓▓▓▓▓▓▓▓▓▓▓▓▓▓▓▓▓▓▓
▓..§8©8§..▓..8©8..▓
▓.≈=§§}).§▓.§=))..▓
▓..§§§§≈..▓§.}}...▓
▓..)≈≈≈≈..▓..§§§..▓
▓..≈.§.≈≈.▓.......▓
▓§§.M≈≈§.§▓.......▓
▓..@W§.§§§▓.......▓
▓.▓§S...▓§▓.▓...▓.▓
▓...§..§..▓.....†.▓
▓▓▓▓▓▓▓▓▓▓▓▓▓▓▓▓▓▓▓


You could see a greater mummy, a flayed ghost and a mana viper.

Vanquished Creatures
  A vault warden (D)
  A mummy priest (D)
  2 vault guards (D)
  2 ugly things (D)
  A vault sentinel (D)
  A yaktaur (D)
  An ushabti (D)
  A spriggan (D)
  3 flying skulls (D)
  A yak (D)
  2 wolves (D)
  A steam dragon (shapeshifter) (D)
  A spider (shapeshifter) (D)
  2 black bears (D)
  A hell hound (D)
  A phantom (D)
  A crocodile (D)
  A giant frog (D)
  2 giant frogs (shapeshifter) (D)
  2 quasits (D)
  An iguana (D)
  A sheep (D)
  4 mummies (D)
  A shadow imp (D)
  A river rat (D)
  An ufetubus (D)
  An adder zombie (D)
  A bat zombie (D)
  A ball python skeleton (D)
  A giant gecko skeleton (D)
  A jackal skeleton (D)
  A quokka skeleton (D)
43 creatures vanquished.

Vanquished Creatures (others)
  A jackal zombie (D)
1 creature vanquished.

Grand Total: 44 creatures vanquished

Notes
Turn   | Place    | Note
--------------------------------------------------------------
     0 | D        | patman the Troll Monk began the quest for the Orb.
     0 | D        | Reached XP level 1. HP: 22/22 MP: 0/0
    14 | D        | Found an iron altar of Okawaru.
    14 | D        | Found a radiant altar of Vehumet.
    14 | D        | Found a shimmering altar of Xom.
    14 | D        | Found a burning altar of Makhleb.
    25 | D        | Found a deep blue altar of Sif Muna.
    29 | D        | Found a white marble altar of Elyvilon.
    29 | D        | Found a corrupted altar of Lugonu.
    29 | D        | Found a sparkling altar of Nemelex Xobeh.
    29 | D        | Found a roughly hewn altar of Beogh.
    29 | D        | Found a bloodstained altar of Trog.
    29 | D        | Found a viscous altar of Jiyva.
    65 | D        | Became a worshipper of Qazlal Stormbringer
    65 | D        | Acquired Qazlal's first power
    65 | D        | Acquired Qazlal's second power
    66 | D        | Reached skill level 8 in Unarmed Combat
    66 | D        | Reached XP level 2. HP: 29/29 MP: 1/1
    77 | D        | Entered arena 1.
    77 | D        | Noticed a phantom
    83 | D        | Killed a phantom
    83 | D        | Reached skill level 5 in Invocations
    83 | D        | Reached XP level 3. HP: 28/36 MP: 1/6
    83 | D        | Reached XP level 4. HP: 34/44 MP: 1/7
    98 | D        | Entered arena 2.
    98 | D        | Noticed a quasit
    98 | D        | Noticed a quasit
   112 | D        | Killed a quasit
   112 | D        | Acquired Qazlal's third power
   114 | D        | Killed a quasit
   114 | D        | Reached XP level 5. HP: 39/50 MP: 3/10
   124 | D        | Entered arena 3.
   124 | D        | Noticed a flying skull
   133 | D        | Killed a flying skull
   133 | D        | Reached skill level 10 in Invocations
   133 | D        | Reached XP level 6. HP: 42/59 MP: 5/13
   139 | D        | Acquired Qazlal's fourth power
   139 | D        | Reached skill level 11 in Invocations
   154 | D        | Entered arena 4.
   154 | D        | Noticed a wolf
   154 | D        | Noticed a spriggan
   154 | D        | Noticed a black bear
   154 | D        | Noticed a black bear
   162 | D        | Killed a spriggan
   162 | D        | Reached skill level 12 in Invocations
   162 | D        | Reached XP level 7. HP: 60/66 MP: 9/15
   171 | D        | Killed a wolf
   172 | D        | Killed a black bear
   172 | D        | Acquired Qazlal's fifth power
   172 | D        | Reached skill level 13 in Invocations
   173 | D        | Killed a black bear
   184 | D        | Identified Lehudib's Guide on Combat Magic (You found it in the Dungeon)
   189 | D        | Entered arena 5.
   189 | D        | Noticed a wasp
   189 | D        | Noticed a spider
   189 | D        | Noticed a wyvern
   189 | D        | Noticed a cyan ugly thing
   196 | D        | a wasp changed into a giant frog
   197 | D        | Killed a cyan ugly thing
   197 | D        | Reached skill level 14 in Invocations
   197 | D        | Reached XP level 8. HP: 40/74 MP: 14/18
   197 | D        | a wyvern changed into a steam dragon
   199 | D        | Killed a spider
   199 | D        | Reached skill level 15 in Invocations
   279 | D        | Got the amulet "Tuaprutz" {Faith +Inv rPois rC+}
   282 | D        | Entered arena 6.
   282 | D        | Noticed a vault sentinel
   282 | D        | Noticed a vault guard
   282 | D        | Noticed a cyan ugly thing
   282 | D        | Noticed a vault warden
   282 | D        | Noticed a yaktaur
   282 | D        | Noticed a vault guard
   287 | D        | Killed a cyan ugly thing
   287 | D        | Reached skill level 16 in Invocations
   287 | D        | Reached XP level 9. HP: 38/80 MP: 18/20
   287 | D        | Killed a yaktaur
   287 | D        | Killed a vault guard
   287 | D        | Reached skill level 17 in Invocations
   287 | D        | Killed a vault warden
   287 | D        | Reached skill level 19 in Invocations
   287 | D        | Reached XP level 10. HP: 41/88 MP: 18/22
   309 | D        | Killed a vault guard
   324 | D        | Killed a vault sentinel
   459 | D        | Entered arena 7.
   459 | D        | Noticed a hell hound
   465 | D        | Killed a hell hound
   478 | D        | Got the ring "Sinuk" {Fire MR+ Str+5 Dex-4}
   487 | D        | Entered arena 8.
   487 | D        | Noticed an iguana
   487 | D        | Noticed a crocodile
   487 | D        | Noticed a giant frog
   487 | D        | Noticed a yak
   488 | D        | Noticed a wolf
   491 | D        | Killed a giant frog
   491 | D        | Reached skill level 20 in Invocations
   498 | D        | Killed a wolf
   500 | D        | Killed an iguana
   511 | D        | Killed a crocodile
   520 | D        | Killed a yak
   573 | D        | Entered arena 9.
   573 | D        | Noticed a greater mummy
   573 | D        | Noticed a flying skull
   573 | D        | Noticed a flying skull
   573 | D        | Noticed a mummy priest
   573 | D        | Noticed an ushabti
   575 | D        | Killed a mummy priest
   575 | D        | Killed a flying skull
   575 | D        | Killed a flying skull
   577 | D        | Noticed a flayed ghost
   577 | D        | Killed an ushabti
   577 | D        | Reached skill level 21 in Invocations
   585 | D        | Noticed a mana viper
   585 | D        | Noticed a mana viper
   585 | D        | HP: 3/86 [mana viper[a greater mummy] (10)]
   586 | D        | Killed a mana viper
   587 | D        | Killed from afar by a greater mummy

Vault maps used:
D:        sprint_v

Action                   |  1- 3 |  4- 6 |  7- 9 | 10-12 || total
-------------------------+-------+-------+-------+-------++-------
Melee: Unarmed           |     5 |    46 |    29 |    76 ||   156
Invok: Upheaval          |       |       |       |     4 ||     4
       Disaster Area     |       |       |       |     2 ||     2
  Use: Potion            |     1 |       |       |     2 ||     3
  Eat: Chunk             |       |       |       |     6 ||     6
